 Dungeon Crawl Stone Soup version 0.16-a0-148-g3b84123 (webtiles) character file.

12023 mike the Covert (level 11, -44/79 (84) HPs)
             Began as a Vampire Assassin on Aug 15, 2014.
             Was a Priest of Trog.
             Annihilated by a very large slime creature (47 damage)
             ... on Level 13 of the Dungeon.
             The game lasted 01:17:40 (11073 turns).

mike the Covert (Vampire Assassin)                 Turns: 11073, Time: 01:17:40

HP -44/79 (84)   AC 10     Str 10      XL: 11   Next: 57%
MP   0/10        EV 21     Int 13      God: Trog [***...]
Gold 387         SH  0     Dex 19      Spells:  0 memorised, 10 levels left

rFire  + . .     SeeInvis +     C - +9 falchion of Mewniqupn {venom, Stlth+}
rCold  + . .     Clarity  .     M - +2 robe {rC+ rF+}
rNeg   + . .     rCorr    .     (no shield)
rPois  .         rRot     .     D - +0 helmet
rElec  .         Spirit   +     d - +2 cloak
SustAb .         Warding  .     (no gloves)
rMut   .         Stasis   .     (no boots)
Gourm  .                        o - amulet of guardian spirit
MR     ++...                    F - ring of protection from magic
                                u - +3 ring of dexterity

@: very slightly contaminated, invisible, very resistant to hostile
enchantments, extraordinarily stealthy
A: bottle blood, fangs 3, thin metallic scales 1, see invisible, clumsy 1, low
mp 1, unbreathing
a: Bat Form, Bottle Blood, Burn Spellbooks, Berserk, Trog's Hand, Renounce
Religion


You were on level 13 of the Dungeon.
You worshipped Trog.
Trog was most pleased with you.
You were not thirsty.

You visited 3 branches of the dungeon, and saw 17 of its levels.

You collected 763 gold pieces.
You spent 376 gold pieces at shops.

Inventory:

Hand weapons
 a - a +2 dagger
 b - a cursed +0 blowgun
 g - a +2 scythe of venom
 A - a +4 dagger
 C - the +9 falchion of Mewniqupn (weapon) {venom, Stlth+}
   (You found it on level 11 of the Dungeon)

   It poisons the flesh of those it strikes.
   It makes you more stealthy.
Missiles
 e - 21 poisoned needles
 f - 2 curare-tipped needles
 J - 4 javelins of penetration (quivered)
Armour
 c - a +2 robe
 d - a +2 cloak (worn)
 D - a +0 helmet (worn)
 M - a +2 robe of resistance (worn)
Magical devices
 i - a wand of paralysis (0)
 t - a wand of paralysis (0)
 v - a wand of paralysis (0)
 E - a wand of digging (16)
 G - a wand of teleportation (0)
 L - a wand of polymorph (5)
Scrolls
 h - a scroll of immolation {unknown}
 j - 4 scrolls of recharging
 k - 5 scrolls of remove curse
 n - 3 scrolls of fog
 p - 2 scrolls of teleportation
 s - 4 scrolls of identify
 y - a scroll of blinking
Jewellery
 l - an uncursed amulet of guardian spirit
 m - an uncursed amulet of rage
 o - an amulet of guardian spirit (around neck)
 r - a cursed ring of loudness
 u - a +3 ring of dexterity (left hand)
 w - an uncursed amulet of guardian spirit
 F - a ring of protection from magic (right hand)
Potions
 q - a potion of magic
 x - 2 potions of heal wounds
 B - a potion of poison
 H - a potion of agility
 I - a potion of curing
 K - a potion of invisibility
Miscellaneous
 z - a phial of floods (inert)


   Skills:
 - Level 7.1 Fighting
 - Level 5.0(8.6) Short Blades
 - Level 10.0(10.3) Long Blades
 - Level 1.5 Throwing
 + Level 1.6 Armour
 - Level 10.3 Dodging
 - Level 14.2 Stealth
 - Level 0.8 Evocations


You had 10 spell levels left.
You didn't know any spells.

Dungeon Overview and Level Annotations

Branches:
Dungeon (15/15)            Temple (1/1) D:4             Orc (0/4) D:11
 Vaults (0/5) D:14         Depths (1/5) D:15
   Lair: D:8-11

Altars:
Ashenzari
Cheibriados
Fedhas
Makhleb
Sif Muna
Trog
Xom
The Shining One

Shops:
D:4 :(*?   D:6 ([!   D:8 *   D:13 [

Annotations:
D:11 exclusion: oklob plant
D:13 Grum


Innate Abilities, Weirdness & Mutations

You can bottle blood from corpses.
You have razor-sharp teeth.
You have supernaturally acute eyesight.
You can survive without breathing.
You are partially covered in thin metallic scales (AC +2).
You are clumsy. (Dex -2)
Your magical capacity is low (-10% MP).


Message History

The orb spider changes into a komodo dragon!
Drink which item? (? for menu, Esc to quit)
You fade into invisibility!
The titanic slime creature hits you!!!!
Ouch! That really hurt!
* * * LOW HITPOINT WARNING * * *
You are very lightly contaminated with residual magic.
Your water elemental hits the titanic slime creature.
The titanic slime creature hits your water elemental!
Your water elemental hits the titanic slime creature!
A titanic slime creature splits.
Your water elemental hits the very large slime creature.
The very large slime creature hits your water elemental!
Something bites your water elemental.
The large slime creature hits your water elemental but does no damage.
A jumping spider comes into view.
Your water elemental hits the large slime creature!!
The very large slime creature hits you!!!
Ouch! That really hurt!
You die...

#...#####.# #.# #
##.## #..........z
#.# #.#.##.####.
#.## #.#.##.#
#..###.#..#.#
##..s##.....(.
#...l....l....#
##.#E##........####
#.@JJ##........#...
#..####E..l....#.##
#..####........#.#
#..............#.#
#.##############.#
##.## #.# #...#
########.#
###..<###
#........#
#.......#
#.#####..#


You could see a very large slime creature, a large slime creature, an iguana and
a friendly water elemental.

Vanquished Creatures
  A tengu warrior (D:15)
  2 unseen horrors (D:12)
  3 hill giants (D:15)
  An orc sorcerer (D:15)
  A manticore (D:13)
  2 ugly things
  A griffon (D:15)
  A komodo dragon (D:15)
  A tengu conjurer (D:15)
  A polar bear (shapeshifter) (D:14)
  A troll (D:11)
  A deep elf mage (D:12)
  3 ravens (D:15)
  A griffon skeleton (D:15)
  A hill giant zombie (D:13)
  A wraith (D:15)
  3 hippogriffs
  3 vampire mosquitoes (D:12)
  Edmund (D:5)
  A wolf (D:13)
  2 soldier ants
  3 tengu skeletons
  A necrophage (D:12)
  A water moccasin (D:8)
  3 ice beasts
  2 phantoms (D:7)
  3 ogres
  Sigmund (D:5)
  4 giant frogs
  A gnoll sergeant (D:13)
  A brain worm (D:15)
  2 big kobolds (D:8)
  A jelly (D:12)
  3 scorpions
  4 killer bees (D:13)
  10 wights
  A troll skeleton (D:11)
  4 crimson imps
  A goliath beetle (D:6)
  7 hounds
  2 quasits
  A giant frog skeleton (D:11)
  5 iguanas
  An orc wizard (D:13)
  9 worker ants
  Ijyb (D:6)
  A mummy (D:14)
  10 gnolls
  2 scorpion zombies (D:8)
  2 shadow imps
  5 adders
  2 worms
  3 giant geckos
  12 orcs
  8 bats
  6 giant cockroaches
  12 goblins
  13 hobgoblins
  7 jackals
  19 kobolds
  8 quokkas
  2 ball pythons
  3 giant newts
  A giant newt skeleton (D:5)
  13 rats
233 creatures vanquished.

Notes
Turn   | Place    | Note
--------------------------------------------------------------
     0 | D:1      | mike, the Vampire Assassin, began the quest for the Orb.
     0 | D:1      | Reached XP level 1. HP: 16/16 MP: 1/1
     5 | D:1      | Reached skill level 6 in Stealth
   147 | D:1      | Reached XP level 2. HP: 19/22 MP: 2/2
   322 | D:1      | Reached skill level 7 in Stealth
   970 | D:2      | Reached XP level 3. HP: 27/27 MP: 3/3
  1537 | D:3      | Reached XP level 4. HP: 24/33 MP: 4/4
  1729 | D:3      | Found a blossoming altar of Fedhas.
  1730 | D:3      | Found a bloodstained altar of Trog.
  1771 | D:3      | Became a worshipper of Trog the Wrathful
  2090 | D:4      | Found Peneedot's Weapon Boutique.
  2106 | D:4      | Found Xulattuj's Book Shop.
  2144 | D:5      | Entered Level 5 of the Dungeon
  2227 | D:4      | Found Qiamirphi's Assorted Antiques.
  2339 | D:4      | Found a staircase to the Ecumenical Temple.
  2342 | D:4      | Reached XP level 5. HP: 37/39 MP: 5/5
  2389 | Temple   | Entered the Ecumenical Temple
  2624 | D:4      | Found Ygucosue's Magic Scroll Shop.
  2627 | D:4      | Bought a scroll of enchant armour for 105 gold pieces
  2627 | D:4      | Bought a scroll of enchant armour for 105 gold pieces
  2627 | D:4      | Bought a scroll of identify for 28 gold pieces
  2636 | D:5      | Noticed Sigmund
  2823 | D:5      | Reached XP level 6. HP: 46/48 MP: 6/6
  3013 | D:5      | Killed Sigmund
  3242 | D:5      | Noticed a giant frog
  3298 | D:5      | Noticed an ogre
  3316 | D:5      | Killed an ogre
  3316 | D:5      | Reached XP level 7. HP: 43/54 MP: 7/7
  3323 | D:5      | Reached skill level 5 in Short Blades
  3399 | D:5      | Acquired Trog's first power
  3512 | D:5      | Noticed Edmund
  3531 | D:5      | Killed Edmund
  3531 | D:5      | Reached skill level 8 in Stealth
  3601 | D:6      | Found Kucomius' Antique Weapon Boutique.
  3667 | D:6      | Noticed Ijyb
  3686 | D:6      | Killed Ijyb
  3686 | D:6      | Reached skill level 9 in Stealth
  3804 | D:6      | Found Honil's Antique Armour Emporium.
  3947 | D:6      | Found Gaufap's Distillery.
  3952 | D:6      | Bought a potion of heal wounds for 36 gold pieces
  3952 | D:6      | Bought a potion of heal wounds for 36 gold pieces
  3952 | D:6      | Bought a potion of invisibility for 66 gold pieces
  4088 | D:7      | Reached skill level 10 in Stealth
  4133 | D:7      | Reached skill level 5 in Dodging
  4133 | D:7      | Reached XP level 8. HP: 60/60 MP: 9/9
  4935 | D:8      | Acquired Trog's second power
  5282 | D:8      | Found Qieqaq's General Store.
  5794 | D:9      | Reached XP level 9. HP: 63/65 MP: 10/10
  5799 | D:9      | Gained mutation: You are clumsy. (Dex -2) [potion of mutation]
  5799 | D:9      | Gained mutation: You are partially covered in thin metallic scales (AC +2). [potion of mutation]
  5799 | D:9      | Gained mutation: Your magical capacity is low (-10% MP). [potion of mutation]
  6065 | D:9      | Found a glowing golden altar of the Shining One.
  6068 | D:9      | Found a burning altar of Makhleb.
  6071 | D:9      | Found a shimmering altar of Xom.
  6074 | D:9      | Found a shattered altar of Ashenzari.
  6294 | D:10     | Entered Level 10 of the Dungeon
  6344 | D:11     | Found a staircase to the Orcish Mines.
  6365 | D:11     | Got an ivory falchion
  6366 | D:11     | Identified the +9 falchion of Mewniqupn {venom, Stlth+} (You found it on level 11 of the Dungeon)
  6462 | D:11     | Noticed an oklob plant
  6540 | D:11     | Reached skill level 10 in Dodging
  6631 | D:12     | Noticed a purple ugly thing
  6645 | D:12     | Killed a purple ugly thing
  6937 | D:12     | Reached skill level 5 in Long Blades
  7239 | D:12     | Noticed an unseen horror
  7249 | D:12     | Killed an unseen horror
  7249 | D:12     | Reached XP level 10. HP: 65/71 MP: 9/9
  7521 | D:13     | Noticed a purple ugly thing
  7832 | D:13     | Found Praipap's Antique Armour Boutique.
  7851 | D:13     | Noticed Grum
  7947 | D:12     | Noticed an unseen horror
  7968 | D:12     | Killed an unseen horror
  8412 | D:12     | Reached skill level 10 in Long Blades
  8580 | D:13     | Noticed a centaur warrior
  8623 | D:14     | Reached skill level 5 in Fighting
  8749 | D:14     | Noticed a cyclops
  8802 | D:15     | Entered Level 15 of the Dungeon
  8819 | D:15     | Noticed a hill giant
  8828 | D:15     | Killed a hill giant
  9015 | D:15     | Received a gift from Trog
  9035 | D:15     | Reached XP level 11. HP: 75/78 MP: 10/10
  9052 | D:15     | Noticed a cyclops
  9132 | D:15     | Noticed an ettin
  9168 | D:15     | Noticed a hill giant
  9168 | D:15     | Noticed a deep elf knight
  9184 | D:15     | Noticed an orc sorcerer
  9185 | D:15     | Noticed a hill giant
  9187 | D:15     | Noticed a griffon
  9202 | D:15     | Noticed a hill giant
  9203 | D:15     | Noticed an eight-headed hydra
  9592 | D:14     | Noticed an unseen horror
  9726 | D:14     | Found a gate to the Vaults.
  9726 | D:14     | Noticed a vault guard
  9726 | D:14     | Noticed a white ugly thing
  9726 | D:14     | Noticed a vault guard
  9726 | D:14     | Noticed a vault guard
  9726 | D:14     | Noticed a hill giant
  9726 | D:14     | Noticed a vault guard
  9726 | D:14     | Noticed a catoblepas
  9726 | D:14     | Noticed a hill giant
  9837 | D:15     | Found a staircase to the Depths.
  9842 | Depths:1 | Entered Level 1 of the Depths
  9842 | Depths:1 | Noticed a catoblepas
  9977 | D:15     | Killed a hill giant
  9977 | D:15     | Reached skill level 11 in Stealth
 10021 | D:15     | Killed an orc sorcerer
 10065 | D:15     | Killed a griffon
 10065 | D:15     | Reached skill level 12 in Stealth
 10157 | D:15     | Killed a hill giant
 10196 | D:15     | Noticed a tengu warrior
 10202 | D:15     | Killed a tengu warrior
 10202 | D:15     | Reached skill level 13 in Stealth
 10372 | D:15     | Noticed a manticore
 10432 | D:15     | Noticed a cyclops
 10440 | D:15     | a cyclops changed into an octopode
 10524 | D:14     | Killed a white ugly thing
 10524 | D:14     | Reached skill level 14 in Stealth
 10740 | D:13     | Noticed a manticore
 10751 | D:13     | Killed a manticore
 10751 | D:13     | Reached skill level 1 in Armour
 11060 | D:13     | Noticed an orb spider
 11060 | D:13     | an orb spider changed into a komodo dragon
 11069 | D:13     | HP: 2/79 [titanic slime creature (77)]
 11073 | D:13     | Annihilated by a very large slime creature

Action                   |  1- 3 |  4- 6 |  7- 9 | 10-12 || total
-------------------------+-------+-------+-------+-------++-------
Melee: Dagger            |   144 |   174 |   285 |       ||   603
       Falchion          |       |       |   103 |   254 ||   357
Throw: Javelin           |       |       |       |     5 ||     5
Invok: Berserk           |       |       |     2 |     4 ||     6
       Trog's Hand       |       |       |     1 |     1 ||     2
       Burn Spellbooks   |       |       |       |     3 ||     3
 Abil: Evoke Berserk Rag |       |       |     1 |       ||     1
       End Transformatio |       |       |       |     2 ||     2
       Bat Form          |       |       |       |     2 ||     2
Evoke: Wand              |       |     6 |     8 |    28 ||    42
       Phial of floods   |       |       |       |     1 ||     1
  Use: Potion            |     1 |    10 |     2 |    10 ||    23
       Scroll            |     2 |    10 |     7 |    10 ||    29
 Stab: Sleeping          |    14 |    10 |    30 |    21 ||    75
       Distracted        |     1 |       |       |     1 ||     2
       Paralysed         |       |     3 |     7 |     3 ||    13
       Invisible         |       |       |       |     2 ||     2
  Eat: Corpse            |    11 |     9 |    10 |    15 ||    45
